Penguins vs Hurricanes

Created - November 21 2011 at 18:16

Goals
1 2 3 T
Penguins 1 1 2 4
Hurricanes 2 2 1 5
Shots
1 2 3 T
Penguins 7 9 10 26
Hurricanes 5 13 17 35

Period #1

1. Hurricanes , Eric Staal 9 (Sergei Gonchar, Jarome Iginla) at 0:17
2. Penguins , Martin St. Louis 10 (Joe Pavelski, Blake Wheeler) at 6:58 (PP)
3. Hurricanes , Sergei Gonchar 4 (Jarome Iginla, Thomas Vanek) at 17:01

Penalties :
Steve Montador (PIT) for Interference (Minor) at 1:13, Mike Weber (CAR) for Hooking (Minor) at 5:13, Jarome Iginla (CAR) for Hooking (Minor) at 11:25, Steve Montador (PIT) for Roughing (Minor) at 17:10

Period #2

4. Hurricanes , Martin Hanzal 6 (Ryan Wilson, Thomas Vanek) at 8:36 (PP)
5. Hurricanes , Eric Staal 10 (Sergei Gonchar) at 12:21 (PP)
6. Penguins , Jason Pominville 3 (Daniel Sedin, Alexander Edler) at 15:08 (PP)

Penalties :
Mike Weber (CAR) for Interference (Minor) at 5:56, Brooks Orpik (PIT) for Boarding (Double Minor) at 8:04, Brooks Orpik (PIT) for Hooking (Minor) at 11:12, Mike Weber (CAR) for Roughing (Minor) at 13:51, Daniel Sedin (PIT) for Roughing (Minor) at 17:16

Period #3

7. Hurricanes , Eric Staal 11 (Thomas Vanek, Johnny Oduya) at 0:45
8. Penguins , Stephane Robidas 4 (Joe Pavelski, Blake Wheeler) at 7:36 (PP)
9. Penguins , Drew Stafford 7 (Martin St. Louis, Joe Pavelski) at 17:40

Penalties :
Shawn Thornton (CAR) for Boarding (Minor) at 6:06, Ryan Wilson (CAR) for Hooking (Minor) at 11:46, Dan Girardi (PIT) for Interference (Minor) at 18:22

Goalie Stats

Marc-Andre Fleury (PIT), 11 saves from 15 shots - (0.733), 32:21 minutes
Tim Thomas (PIT), 19 saves from 20 shots - (0.950), L, 9-9-0, 27:39 minutes
Johan Hedberg (CAR), 22 saves from 26 shots - (0.846), W, 6-9-0, 60:00 minutes

Players Stats

Penguins
Player Name              G  A  P  +/- PIM S  H  SB FO    MP 
------------------------------------------------------------
Alexander Edler          0  1  1  -2  0   1  0  2  0/0   22 
Blair Betts              0  0  0   0  0   0  0  0  0/0   1  
Blake Wheeler            0  2  2   0  0   0  1  0  0/0   6  
Brad Richards            0  0  0  -2  0   1  0  0  12/30 22 
Brooks Orpik             0  0  0   0  6   0  1  2  0/0   15 
Cam Fowler               0  0  0   0  0   1  0  1  0/0   17 
Dan Girardi              0  0  0   0  2   3  1  2  0/0   21 
Daniel Sedin             0  1  1  -2  2   3  0  1  2/8   21 
Drew Stafford            1  0  1   0  0   4  1  0  0/0   13 
Jason Pominville         1  0  1  -2  0   1  3  0  0/0   17 
Joe Pavelski             0  3  3   0  0   0  1  0  17/28 22 
Kris Letang              0  0  0   0  0   0  0  0  0/0   22 
Martin St. Louis         1  1  2   0  0   3  0  0  4/6   23 
Matt DAgostini           0  0  0   0  0   1  0  0  0/0   1  
Matt Moulson             0  0  0   0  0   4  1  0  1/1   15 
Rob Niedermayer          0  0  0   0  0   0  0  0  8/19  15 
Stephane Robidas         1  0  1  -2  0   2  3  0  0/0   22 
Steve Montador           0  0  0   0  4   2  0  0  1/1   15 
Hurricanes
Player Name              G  A  P  +/- PIM S  H  SB FO    MP 
------------------------------------------------------------
Anton Stralman           0  0  0   2  0   1  0  1  0/0   8  
Brad Boyes               0  0  0   0  0   0  2  0  1/5   15 
Chris Thorburn           0  0  0   0  0   1  0  0  2/4   22 
Eric Staal               3  0  3   2  0   10 1  0  16/30 24 
Jarome Iginla            0  2  2   3  2   4  0  0  4/4   23 
Jaroslav Spacek          0  0  0  -1  0   2  3  1  0/0   22 
Johnny Oduya             0  1  1   0  0   0  1  2  0/0   22 
Martin Hanzal            1  0  1  -1  0   4  3  1  12/28 21 
Matt Cooke               0  0  0   0  0   1  0  0  0/0   5  
Matt Hunwick             0  0  0   0  0   0  0  0  0/0   2  
Michael Ryder            0  0  0  -1  0   0  0  0  0/0   4  
Mike Fisher              0  0  0   0  0   0  0  0  12/18 14 
Mike Weber               0  0  0   0  6   1  1  2  0/0   19 
Ryan Shannon             0  0  0   0  0   1  0  0  0/0   14 
Ryan Wilson              0  1  1   0  2   0  0  0  0/0   21 
Sergei Gonchar           1  2  3   3  0   4  0  2  0/0   24 
Shawn Thornton           0  0  0   0  2   0  0  1  1/2   12 
Thomas Vanek             0  3  3   3  0   6  0  0  0/2   17 

3 Stars

1 - Eric Staal (CAR)
2 - Sergei Gonchar (CAR)
3 - Thomas Vanek (CAR)

Power Play

Penguins - 3 on 6 Attempt(s) - 50.00%
Hurricanes - 2 on 7 Attempt(s) - 28.57%

Penalty Kill

Penguins - 5 on 7 Attempt(s) - 71.43% - Score 0 goal in Penalty Kill
Hurricanes - 3 on 6 Attempt(s) - 50.00% - Score 0 goal in Penalty Kill

Game Notes

Anton Stralman is injured at 5:17 of 2nd period (Strained Left Knee)
Tim Thomas enters game at 12:21 of 2nd period
Eric Staal has scored a Hat Trick!
Brad Boyes is injured at 5:41 of 3rd period (Strained Right Knee)

Finance

Level 1 -- Attendance: 6000 (100.00%) -- Ticket Income $540,000.00
Level 2 -- Attendance: 4155 (83.10%) -- Ticket Income $228,525.00
Level 3 -- Attendance: 2464 (70.40%) -- Ticket Income $86,240.00
Level 4 -- Attendance: 2815 (87.15%) -- Ticket Income $53,485.00
Luxury Box -- Attendance: 1000 (100.00%) -- Ticket Income $185,000.00
Game was played at the RBC Center
Total Attendance: 16434 (87.74%)
Total Ticket Income: $1,129,378.00
Other Income: $212,926.80
Total Income: $1,342,305.00


Play by Play

Period #1

0:01 of 1st period - Eric Staal wins face-off versus Brad Richards in neutral zone.
0:01 of 1st period - Eric Staal is hit by Jason Pominville.
0:06 of 1st period - Eric Staal is hit by Stephane Robidas and loses puck.
0:13 of 1st period - Shot by Jarome Iginla.
0:13 of 1st period - Stopped by Marc-Andre Fleury with a rebound.
0:15 of 1st period - Shot by Sergei Gonchar.
0:15 of 1st period - Shot Blocked by Alexander Edler.
0:17 of 1st period - Shot by Eric Staal.
0:17 of 1st period - Goal by Eric Staal - Penguins : 0 - Hurricanes : 1.
0:18 of 1st period - Martin Hanzal wins face-off versus Joe Pavelski in neutral zone.
0:36 of 1st period - Shot by Martin St. Louis.
0:36 of 1st period - Stopped by Johan Hedberg without a rebound.
0:37 of 1st period - Rob Niedermayer wins face-off versus Mike Fisher in Hurricanes zone.
1:13 of 1st period - Minor Penalty to Steve Montador for Interference.
1:14 of 1st period - Eric Staal wins face-off versus Daniel Sedin in Penguins zone.
1:27 of 1st period - Shot by Anton Stralman.
1:27 of 1st period - Shot Misses the Net.
1:29 of 1st period - Shot by Jarome Iginla.
1:29 of 1st period - Deflect By Eric Staal.
1:29 of 1st period - Shot Blocked by Dan Girardi.
1:31 of 1st period - Shot by Sergei Gonchar.
1:31 of 1st period - Stopped by Marc-Andre Fleury without a rebound.
1:32 of 1st period - Brad Richards wins face-off versus Brad Boyes in Penguins zone.
2:33 of 1st period - Alexander Edler is hit by Martin Hanzal and loses puck.
3:38 of 1st period - Icing by Johnny Oduya.
3:39 of 1st period - Joe Pavelski wins face-off versus Mike Fisher in Hurricanes zone.
4:04 of 1st period - Icing by Johnny Oduya.
4:05 of 1st period - Mike Fisher wins face-off versus Brad Richards in Hurricanes zone.
4:05 of 1st period - Mike Fisher is hit by Jason Pominville.
4:20 of 1st period - Icing by Brad Richards.
4:21 of 1st period - Eric Staal wins face-off versus Brad Richards in Penguins zone.
4:32 of 1st period - Shot by Jason Pominville.
4:32 of 1st period - Shot Misses the Net.
5:13 of 1st period - Minor Penalty to Mike Weber for Hooking.
5:14 of 1st period - Joe Pavelski wins face-off versus Martin Hanzal in Hurricanes zone.
5:34 of 1st period - Icing by Stephane Robidas.
5:35 of 1st period - Joe Pavelski wins face-off versus Martin Hanzal in Penguins zone.
5:39 of 1st period - Icing by Kris Letang.
5:40 of 1st period - Joe Pavelski wins face-off versus Eric Staal in Penguins zone.
6:33 of 1st period - Shot by Alexander Edler.
6:33 of 1st period - Shot Blocked by Jaroslav Spacek.
6:35 of 1st period - Shot by Dan Girardi.
6:35 of 1st period - Stopped by Johan Hedberg with a rebound.
6:37 of 1st period - Shot by Dan Girardi.
6:37 of 1st period - Shot Hit the Post.
6:39 of 1st period - Shot by Dan Girardi.
6:39 of 1st period - Stopped by Johan Hedberg without a rebound.
6:40 of 1st period - Joe Pavelski wins face-off versus Eric Staal in Hurricanes zone.
6:58 of 1st period - Shot by Martin St. Louis.
6:58 of 1st period - Goal by Martin St. Louis - Penguins : 1 - Hurricanes : 1.
6:59 of 1st period - Mike Fisher wins face-off versus Rob Niedermayer in neutral zone.
7:18 of 1st period - Shot by Cam Fowler.
7:18 of 1st period - Stopped by Johan Hedberg without a rebound.
7:19 of 1st period - Rob Niedermayer wins face-off versus Martin Hanzal in Hurricanes zone.
7:38 of 1st period - Shot by Matt DAgostini.
7:38 of 1st period - Stopped by Johan Hedberg with a rebound.
7:42 of 1st period - Shot by Brad Richards.
7:42 of 1st period - Shot Misses the Net.
8:14 of 1st period - Shot by Drew Stafford.
8:14 of 1st period - Shot Blocked by Sergei Gonchar.
8:34 of 1st period - Eric Staal is hit by Joe Pavelski.
9:05 of 1st period - Icing by Daniel Sedin.
9:06 of 1st period - Mike Fisher wins face-off versus Daniel Sedin in Penguins zone.
9:22 of 1st period - Icing by Cam Fowler.
9:23 of 1st period - Martin Hanzal wins face-off versus Daniel Sedin in Penguins zone.
9:48 of 1st period - Shot by Brad Richards.
9:48 of 1st period - Shot Misses the Net.
10:54 of 1st period - Icing by Ryan Wilson.
10:55 of 1st period - Mike Fisher wins face-off versus Rob Niedermayer in Hurricanes zone.
11:04 of 1st period - Shot by Shawn Thornton.
11:04 of 1st period - Shot Misses the Net.
11:14 of 1st period - Shot by Mike Fisher.
11:14 of 1st period - Shot Misses the Net.
11:25 of 1st period - Minor Penalty to Jarome Iginla for Hooking.
11:26 of 1st period - Eric Staal wins face-off versus Joe Pavelski in Hurricanes zone.
11:37 of 1st period - Eric Staal is hit by Blake Wheeler.
12:46 of 1st period - Icing by Daniel Sedin.
12:47 of 1st period - Daniel Sedin wins face-off versus Martin Hanzal in Penguins zone.
13:03 of 1st period - Icing by Kris Letang.
13:04 of 1st period - Joe Pavelski wins face-off versus Martin Hanzal in Penguins zone.
13:08 of 1st period - Off-side.
13:09 of 1st period - Martin St. Louis wins face-off versus Martin Hanzal in neutral zone.
13:38 of 1st period - Shot by Rob Niedermayer.
13:38 of 1st period - Shot Misses the Net.
14:30 of 1st period - Shot by Brad Richards.
14:30 of 1st period - Shot Misses the Net.
14:32 of 1st period - Shot by Jason Pominville.
14:32 of 1st period - Deflect By Daniel Sedin.
14:32 of 1st period - Shot Misses the Net.
14:34 of 1st period - Shot by Jason Pominville.
14:34 of 1st period - Deflect By Brad Richards.
14:34 of 1st period - Stopped by Johan Hedberg without a rebound.
14:35 of 1st period - Joe Pavelski wins face-off versus Mike Fisher in Hurricanes zone.
14:57 of 1st period - Mike Fisher is hit by Dan Girardi and loses puck.
15:35 of 1st period - Icing by Stephane Robidas.
15:36 of 1st period - Brad Richards wins face-off versus Eric Staal in Penguins zone.
15:36 of 1st period - Brad Richards is hit by Brad Boyes.
15:41 of 1st period - Daniel Sedin is hit by Jaroslav Spacek.
15:58 of 1st period - Daniel Sedin is hit by Jaroslav Spacek and loses puck.
16:31 of 1st period - Off-side.
16:32 of 1st period - Joe Pavelski wins face-off versus Eric Staal in neutral zone.
16:57 of 1st period - Shot by Thomas Vanek.
16:57 of 1st period - Shot Misses the Net.
16:59 of 1st period - Shot by Thomas Vanek.
16:59 of 1st period - Deflect By Jarome Iginla.
16:59 of 1st period - Shot Misses the Net.
17:01 of 1st period - Shot by Sergei Gonchar.
17:01 of 1st period - Goal by Sergei Gonchar - Penguins : 1 - Hurricanes : 2.
17:02 of 1st period - Rob Niedermayer wins face-off versus Mike Fisher in neutral zone.
17:09 of 1st period - Chris Thorburn is hit by Matt Moulson and loses puck.
17:10 of 1st period - Minor Penalty to Steve Montador for Roughing.
17:11 of 1st period - Brad Richards wins face-off versus Brad Boyes in Penguins zone.
17:11 of 1st period - Brad Richards is hit by Brad Boyes.
17:57 of 1st period - Shot by Anton Stralman.
17:57 of 1st period - Stopped by Marc-Andre Fleury without a rebound.
17:58 of 1st period - Martin Hanzal wins face-off versus Daniel Sedin in Penguins zone.
18:13 of 1st period - Shot by Sergei Gonchar.
18:13 of 1st period - Shot Misses the Net.
18:47 of 1st period - Icing by Thomas Vanek.
18:48 of 1st period - Brad Richards wins face-off versus Thomas Vanek in Hurricanes zone.
18:48 of 1st period - Joe Pavelski is hit by Jaroslav Spacek and loses puck.
19:14 of 1st period - Icing by Brooks Orpik.
19:15 of 1st period - Rob Niedermayer wins face-off versus Eric Staal in Penguins zone.
19:30 of 1st period - Off-side.
19:31 of 1st period - Rob Niedermayer wins face-off versus Shawn Thornton in neutral zone.

Period #2

0:01 of 2nd period - Eric Staal wins face-off versus Brad Richards in neutral zone.
0:23 of 2nd period - Icing by Brad Richards.
0:24 of 2nd period - Brad Richards wins face-off versus Martin Hanzal in Penguins zone.
1:11 of 2nd period - Icing by Ryan Shannon.
1:12 of 2nd period - Martin Hanzal wins face-off versus Joe Pavelski in Hurricanes zone.
1:33 of 2nd period - Shot by Eric Staal.
1:33 of 2nd period - Shot Misses the Net.
1:35 of 2nd period - Shot by Eric Staal.
1:35 of 2nd period - Stopped by Marc-Andre Fleury with a rebound.
1:37 of 2nd period - Shot by Eric Staal.
1:37 of 2nd period - Deflect By Thomas Vanek.
1:37 of 2nd period - Stopped by Marc-Andre Fleury without a rebound.
1:38 of 2nd period - Mike Fisher wins face-off versus Rob Niedermayer in Penguins zone.
2:04 of 2nd period - Shot by Steve Montador.
2:04 of 2nd period - Shot Misses the Net.
2:06 of 2nd period - Shot by Matt Moulson.
2:06 of 2nd period - Shot Blocked by Mike Weber.
2:10 of 2nd period - Shot by Matt Moulson.
2:10 of 2nd period - Shot Misses the Net.
2:14 of 2nd period - Shot by Cam Fowler.
2:14 of 2nd period - Shot Blocked by Shawn Thornton.
2:16 of 2nd period - Shot by Steve Montador.
2:16 of 2nd period - Stopped by Johan Hedberg with a rebound.
2:40 of 2nd period - Off-side.
2:41 of 2nd period - Joe Pavelski wins face-off versus Eric Staal in neutral zone.
3:20 of 2nd period - Shot by Jarome Iginla.
3:20 of 2nd period - Shot Misses the Net.
3:22 of 2nd period - Shot by Jarome Iginla.
3:22 of 2nd period - Stopped by Marc-Andre Fleury without a rebound.
3:23 of 2nd period - Martin Hanzal wins face-off versus Brad Richards in Penguins zone.
3:44 of 2nd period - Daniel Sedin is hit by Martin Hanzal and loses puck.
4:53 of 2nd period - Shot by Matt Moulson.
4:53 of 2nd period - Stopped by Johan Hedberg without a rebound.
4:54 of 2nd period - Eric Staal wins face-off versus Rob Niedermayer in Hurricanes zone.
5:17 of 2nd period - Shot by Matt Moulson.
5:17 of 2nd period - Shot Blocked by Anton Stralman.
5:17 of 2nd period - Anton Stralman from Hurricanes is injured at 5:17 of 2nd period (Strained Left Knee).
5:18 of 2nd period - Mike Fisher wins face-off versus Brad Richards in Hurricanes zone.
5:20 of 2nd period - Mike Weber is hit by Jason Pominville and loses puck.
5:47 of 2nd period - Shot by Shawn Thornton.
5:47 of 2nd period - Shot Blocked by Daniel Sedin.
5:56 of 2nd period - Minor Penalty to Mike Weber for Interference.
5:57 of 2nd period - Jarome Iginla wins face-off versus Martin St. Louis in Hurricanes zone.
7:29 of 2nd period - Shot by Eric Staal.
7:29 of 2nd period - Stopped by Marc-Andre Fleury with a rebound.
8:03 of 2nd period - Shot by Brad Boyes.
8:03 of 2nd period - Shot Misses the Net.
8:04 of 2nd period - Double Minor Penalty to Brooks Orpik for Boarding.
8:05 of 2nd period - Martin St. Louis wins face-off versus Eric Staal in Penguins zone.
8:24 of 2nd period - Shot by Mike Weber.
8:24 of 2nd period - Stopped by Marc-Andre Fleury without a rebound.
8:25 of 2nd period - Joe Pavelski wins face-off versus Brad Boyes in Penguins zone.
8:34 of 2nd period - Shot by Ryan Wilson.
8:34 of 2nd period - Shot Blocked by Cam Fowler.
8:36 of 2nd period - Shot by Martin Hanzal.
8:36 of 2nd period - Goal by Martin Hanzal - Penguins : 1 - Hurricanes : 3.
8:37 of 2nd period - Eric Staal wins face-off versus Martin St. Louis in neutral zone.
9:21 of 2nd period - Martin St. Louis is hit by Martin Hanzal and loses puck.
9:37 of 2nd period - Shot by Thomas Vanek.
9:37 of 2nd period - Shot Misses the Net.
9:39 of 2nd period - Shot by Brad Boyes.
9:39 of 2nd period - Shot Misses the Net.
9:43 of 2nd period - Shot by Thomas Vanek.
9:43 of 2nd period - Shot Misses the Net.
10:07 of 2nd period - Shot by Jarome Iginla.
10:07 of 2nd period - Stopped by Marc-Andre Fleury without a rebound.
10:08 of 2nd period - Daniel Sedin wins face-off versus Eric Staal in Penguins zone.
10:35 of 2nd period - Shot by Eric Staal.
10:35 of 2nd period - Shot Misses the Net.
10:49 of 2nd period - Shot by Martin Hanzal.
10:49 of 2nd period - Stopped by Marc-Andre Fleury without a rebound.
10:50 of 2nd period - Mike Fisher wins face-off versus Rob Niedermayer in Penguins zone.
10:50 of 2nd period - Mike Fisher is hit by Brooks Orpik.
11:12 of 2nd period - Minor Penalty to Brooks Orpik for Hooking.
11:13 of 2nd period - Martin St. Louis wins face-off versus Brad Boyes in Penguins zone.
11:21 of 2nd period - Icing by Jaroslav Spacek.
11:22 of 2nd period - Brad Boyes wins face-off versus Brad Richards in Hurricanes zone.
12:13 of 2nd period - Shot by Martin Hanzal.
12:13 of 2nd period - Shot Blocked by Alexander Edler.
12:15 of 2nd period - Shot by Eric Staal.
12:15 of 2nd period - Stopped by Marc-Andre Fleury without a rebound.
12:16 of 2nd period - Eric Staal wins face-off versus Brad Richards in Penguins zone.
12:19 of 2nd period - Shot by Eric Staal.
12:19 of 2nd period - Shot Misses the Net.
12:21 of 2nd period - Shot by Eric Staal.
12:21 of 2nd period - Goal by Eric Staal - Penguins : 1 - Hurricanes : 4.
12:21 of 2nd period - Tim Thomas enters game.
12:22 of 2nd period - Steve Montador wins face-off versus Martin Hanzal in neutral zone.
12:29 of 2nd period - Shot by Matt Moulson.
12:29 of 2nd period - Stopped by Johan Hedberg without a rebound.
12:30 of 2nd period - Matt Moulson wins face-off versus Mike Fisher in Hurricanes zone.
12:31 of 2nd period - Shot by Cam Fowler.
12:31 of 2nd period - Deflect By Matt Moulson.
12:31 of 2nd period - Stopped by Johan Hedberg with a rebound.
12:35 of 2nd period - Shot by Steve Montador.
12:35 of 2nd period - Shot Misses the Net.
12:57 of 2nd period - Shot by Matt Moulson.
12:57 of 2nd period - Shot Blocked by Mike Weber.
13:03 of 2nd period - Shot by Steve Montador.
13:03 of 2nd period - Stopped by Johan Hedberg without a rebound.
13:04 of 2nd period - Jarome Iginla wins face-off versus Brad Richards in Hurricanes zone.
13:21 of 2nd period - Shot by Thomas Vanek.
13:21 of 2nd period - Stopped by Tim Thomas without a rebound.
13:22 of 2nd period - Joe Pavelski wins face-off versus Martin Hanzal in Penguins zone.
13:37 of 2nd period - Shot by Drew Stafford.
13:37 of 2nd period - Shot Blocked by Johnny Oduya.
13:41 of 2nd period - Shot by Drew Stafford.
13:41 of 2nd period - Stopped by Johan Hedberg without a rebound.
13:42 of 2nd period - Brad Richards wins face-off versus Eric Staal in Hurricanes zone.
13:50 of 2nd period - Daniel Sedin is hit by Mike Weber and loses puck.
13:51 of 2nd period - Minor Penalty to Mike Weber for Roughing.
13:52 of 2nd period - Joe Pavelski wins face-off versus Eric Staal in Hurricanes zone.
13:57 of 2nd period - Shot by Blake Wheeler.
13:57 of 2nd period - Shot Blocked by Johnny Oduya.
14:13 of 2nd period - Shot by Stephane Robidas.
14:13 of 2nd period - Shot Misses the Net.
14:32 of 2nd period - Shot by Stephane Robidas.
14:32 of 2nd period - Stopped by Johan Hedberg without a rebound.
14:33 of 2nd period - Brad Richards wins face-off versus Martin Hanzal in Hurricanes zone.
14:50 of 2nd period - Shot by Daniel Sedin.
14:50 of 2nd period - Shot Blocked by Martin Hanzal.
14:52 of 2nd period - Shot by Dan Girardi.
14:52 of 2nd period - Stopped by Johan Hedberg without a rebound.
14:53 of 2nd period - Jarome Iginla wins face-off versus Brad Richards in Hurricanes zone.
15:06 of 2nd period - Shot by Daniel Sedin.
15:06 of 2nd period - Shot Blocked by Sergei Gonchar.
15:08 of 2nd period - Shot by Daniel Sedin.
15:08 of 2nd period - Deflect By Jason Pominville.
15:08 of 2nd period - Goal by Jason Pominville - Penguins : 2 - Hurricanes : 4.
15:09 of 2nd period - Mike Fisher wins face-off versus Rob Niedermayer in neutral zone.
16:09 of 2nd period - Icing by Kris Letang.
16:10 of 2nd period - Eric Staal wins face-off versus Joe Pavelski in Penguins zone.
16:11 of 2nd period - Shot by Thomas Vanek.
16:11 of 2nd period - Shot Misses the Net.
16:13 of 2nd period - Shot by Thomas Vanek.
16:13 of 2nd period - Shot Misses the Net.
16:17 of 2nd period - Shot by Eric Staal.
16:17 of 2nd period - Stopped by Tim Thomas without a rebound.
16:18 of 2nd period - Brad Richards wins face-off versus Martin Hanzal in Penguins zone.
16:58 of 2nd period - Daniel Sedin is hit by Johnny Oduya and loses puck.
17:16 of 2nd period - Minor Penalty to Daniel Sedin for Roughing.
17:17 of 2nd period - Martin St. Louis wins face-off versus Eric Staal in Penguins zone.
18:44 of 2nd period - Shot by Sergei Gonchar.
18:44 of 2nd period - Stopped by Tim Thomas with a rebound.

Period #3

0:01 of 3rd period - Jarome Iginla wins face-off versus Brad Richards in neutral zone.
0:37 of 3rd period - Shot by Thomas Vanek.
0:37 of 3rd period - Stopped by Tim Thomas with a rebound.
0:41 of 3rd period - Shot by Thomas Vanek.
0:41 of 3rd period - Shot Misses the Net.
0:45 of 3rd period - Shot by Thomas Vanek.
0:45 of 3rd period - Deflect By Eric Staal.
0:45 of 3rd period - Goal by Eric Staal - Penguins : 2 - Hurricanes : 5.
0:46 of 3rd period - Mike Fisher wins face-off versus Joe Pavelski in neutral zone.
1:37 of 3rd period - Shot by Martin Hanzal.
1:37 of 3rd period - Stopped by Tim Thomas with a rebound.
1:41 of 3rd period - Shot by Brad Boyes.
1:41 of 3rd period - Shot Misses the Net.
1:43 of 3rd period - Shot by Jaroslav Spacek.
1:43 of 3rd period - Stopped by Tim Thomas without a rebound.
1:44 of 3rd period - Eric Staal wins face-off versus Rob Niedermayer in Penguins zone.
1:45 of 3rd period - Shot by Thomas Vanek.
1:45 of 3rd period - Shot Misses the Net.
2:03 of 3rd period - Shot by Steve Montador.
2:03 of 3rd period - Shot Misses the Net.
2:05 of 3rd period - Shot by Matt Moulson.
2:05 of 3rd period - Deflect By Rob Niedermayer.
2:05 of 3rd period - Shot Misses the Net.
2:43 of 3rd period - Icing by Daniel Sedin.
2:44 of 3rd period - Brad Richards wins face-off versus Mike Fisher in Penguins zone.
4:16 of 3rd period - Icing by Joe Pavelski.
4:17 of 3rd period - Eric Staal wins face-off versus Joe Pavelski in Penguins zone.
4:26 of 3rd period - Shot by Thomas Vanek.
4:26 of 3rd period - Stopped by Tim Thomas with a rebound.
4:48 of 3rd period - Shot by Eric Staal.
4:48 of 3rd period - Stopped by Tim Thomas without a rebound.
4:49 of 3rd period - Rob Niedermayer wins face-off versus Thomas Vanek in Penguins zone.
5:13 of 3rd period - Shot by Jarome Iginla.
5:13 of 3rd period - Shot Misses the Net.
5:17 of 3rd period - Shot by Thomas Vanek.
5:17 of 3rd period - Stopped by Tim Thomas without a rebound.
5:18 of 3rd period - Martin Hanzal wins face-off versus Daniel Sedin in Penguins zone.
5:40 of 3rd period - Brad Boyes is hit by Stephane Robidas.
5:41 of 3rd period - Brad Boyes from Hurricanes is injured at 5:41 of 3rd period (Strained Right Knee).
5:42 of 3rd period - Rob Niedermayer wins face-off versus Chris Thorburn in Penguins zone.
5:49 of 3rd period - Shot by Matt Moulson.
5:49 of 3rd period - Stopped by Johan Hedberg without a rebound.
5:50 of 3rd period - Mike Fisher wins face-off versus Brad Richards in Hurricanes zone.
6:06 of 3rd period - Minor Penalty to Shawn Thornton for Boarding.
6:07 of 3rd period - Eric Staal wins face-off versus Joe Pavelski in Hurricanes zone.
6:16 of 3rd period - Martin St. Louis is hit by Eric Staal and loses puck.
6:28 of 3rd period - Off-side.
6:29 of 3rd period - Martin Hanzal wins face-off versus Brad Richards in neutral zone.
7:36 of 3rd period - Shot by Stephane Robidas.
7:36 of 3rd period - Goal by Stephane Robidas - Penguins : 3 - Hurricanes : 5.
7:37 of 3rd period - Eric Staal wins face-off versus Rob Niedermayer in neutral zone.
7:45 of 3rd period - Shot by Eric Staal.
7:45 of 3rd period - Shot Blocked by Brooks Orpik.
7:49 of 3rd period - Shot by Thomas Vanek.
7:49 of 3rd period - Shot Blocked by Brooks Orpik.
7:53 of 3rd period - Shot by Thomas Vanek.
7:53 of 3rd period - Shot Misses the Net.
7:57 of 3rd period - Shot by Thomas Vanek.
7:57 of 3rd period - Shot Misses the Net.
7:59 of 3rd period - Shot by Sergei Gonchar.
7:59 of 3rd period - Shot Misses the Net.
8:03 of 3rd period - Shot by Thomas Vanek.
8:03 of 3rd period - Shot Misses the Net.
8:41 of 3rd period - Shot by Jaroslav Spacek.
8:41 of 3rd period - Stopped by Tim Thomas with a rebound.
10:35 of 3rd period - Shot by Drew Stafford.
10:35 of 3rd period - Stopped by Johan Hedberg without a rebound.
10:36 of 3rd period - Mike Fisher wins face-off versus Joe Pavelski in Hurricanes zone.
10:40 of 3rd period - Off-side.
10:41 of 3rd period - Shawn Thornton wins face-off versus Joe Pavelski in neutral zone.
10:55 of 3rd period - Shot by Joe Pavelski.
10:55 of 3rd period - Deflect By Drew Stafford.
10:55 of 3rd period - Stopped by Johan Hedberg without a rebound.
10:56 of 3rd period - Martin Hanzal wins face-off versus Joe Pavelski in Hurricanes zone.
10:56 of 3rd period - Martin Hanzal is hit by Drew Stafford.
11:13 of 3rd period - Off-side.
11:14 of 3rd period - Chris Thorburn wins face-off versus Brad Richards in neutral zone.
11:23 of 3rd period - Shot by Chris Thorburn.
11:23 of 3rd period - Stopped by Tim Thomas without a rebound.
11:24 of 3rd period - Brad Richards wins face-off versus Martin Hanzal in Penguins zone.
11:46 of 3rd period - Minor Penalty to Ryan Wilson for Hooking.
11:47 of 3rd period - Joe Pavelski wins face-off versus Chris Thorburn in Hurricanes zone.
11:56 of 3rd period - Shot by Joe Pavelski.
11:56 of 3rd period - Shot Misses the Net.
12:03 of 3rd period - Icing by Martin St. Louis.
12:04 of 3rd period - Joe Pavelski wins face-off versus Eric Staal in Penguins zone.
13:17 of 3rd period - Shot by Jason Pominville.
13:17 of 3rd period - Deflect By Daniel Sedin.
13:17 of 3rd period - Stopped by Johan Hedberg without a rebound.
13:18 of 3rd period - Martin Hanzal wins face-off versus Brad Richards in Hurricanes zone.
13:29 of 3rd period - Shot by Daniel Sedin.
13:29 of 3rd period - Stopped by Johan Hedberg without a rebound.
13:30 of 3rd period - Brad Richards wins face-off versus Martin Hanzal in Hurricanes zone.
13:31 of 3rd period - Shot by Alexander Edler.
13:31 of 3rd period - Stopped by Johan Hedberg with a rebound.
13:48 of 3rd period - Icing by Thomas Vanek.
13:49 of 3rd period - Rob Niedermayer wins face-off versus Eric Staal in Hurricanes zone.
13:58 of 3rd period - Shot by Eric Staal.
13:58 of 3rd period - Shot Misses the Net.
14:00 of 3rd period - Shot by Ryan Wilson.
14:00 of 3rd period - Shot Misses the Net.
14:02 of 3rd period - Shot by Ryan Wilson.
14:02 of 3rd period - Shot Misses the Net.
14:04 of 3rd period - Shot by Michael Ryder.
14:04 of 3rd period - Shot Misses the Net.
14:06 of 3rd period - Shot by Eric Staal.
14:06 of 3rd period - Stopped by Tim Thomas without a rebound.
14:07 of 3rd period - Joe Pavelski wins face-off versus Martin Hanzal in Penguins zone.
15:16 of 3rd period - Shot by Shawn Thornton.
15:16 of 3rd period - Shot Misses the Net.
15:19 of 3rd period - Icing by Steve Montador.
15:20 of 3rd period - Eric Staal wins face-off versus Rob Niedermayer in Penguins zone.
16:00 of 3rd period - Shot by Daniel Sedin.
16:00 of 3rd period - Stopped by Johan Hedberg without a rebound.
16:01 of 3rd period - Brad Richards wins face-off versus Martin Hanzal in Hurricanes zone.
16:04 of 3rd period - Shot by Daniel Sedin.
16:04 of 3rd period - Shot Misses the Net.
16:33 of 3rd period - Icing by Alexander Edler.
16:34 of 3rd period - Martin Hanzal wins face-off versus Brad Richards in Penguins zone.
16:59 of 3rd period - Shot by Martin St. Louis.
16:59 of 3rd period - Stopped by Johan Hedberg without a rebound.
17:00 of 3rd period - Joe Pavelski wins face-off versus Eric Staal in Hurricanes zone.
17:20 of 3rd period - Shot by Eric Staal.
17:20 of 3rd period - Stopped by Tim Thomas without a rebound.
17:21 of 3rd period - Chris Thorburn wins face-off versus Rob Niedermayer in Penguins zone.
17:32 of 3rd period - Shot by Ryan Shannon.
17:32 of 3rd period - Stopped by Tim Thomas without a rebound.
17:33 of 3rd period - Joe Pavelski wins face-off versus Martin Hanzal in Penguins zone.
17:40 of 3rd period - Shot by Drew Stafford.
17:40 of 3rd period - Goal by Drew Stafford - Penguins : 4 - Hurricanes : 5.
17:41 of 3rd period - Martin Hanzal wins face-off versus Rob Niedermayer in neutral zone.
17:51 of 3rd period - Shot by Martin Hanzal.
17:51 of 3rd period - Stopped by Tim Thomas without a rebound.
17:52 of 3rd period - Eric Staal wins face-off versus Joe Pavelski in Penguins zone.
18:03 of 3rd period - Shot by Martin St. Louis.
18:03 of 3rd period - Shot Misses the Net.
18:17 of 3rd period - Shot by Thomas Vanek.
18:17 of 3rd period - Deflect By Eric Staal.
18:17 of 3rd period - Shot Blocked by Dan Girardi.
18:19 of 3rd period - Shot by Mike Weber.
18:19 of 3rd period - Shot Misses the Net.
18:21 of 3rd period - Shot by Sergei Gonchar.
18:21 of 3rd period - Stopped by Tim Thomas with a rebound.
18:22 of 3rd period - Minor Penalty to Dan Girardi for Interference.
18:23 of 3rd period - Mike Fisher wins face-off versus Daniel Sedin in Penguins zone.
18:46 of 3rd period - Shot by Thomas Vanek.
18:46 of 3rd period - Stopped by Tim Thomas without a rebound.
18:47 of 3rd period - Martin Hanzal wins face-off versus Brad Richards in Penguins zone.
18:52 of 3rd period - Shot by Matt Cooke.
18:52 of 3rd period - Stopped by Tim Thomas without a rebound.
18:53 of 3rd period - Eric Staal wins face-off versus Brad Richards in Penguins zone.
18:53 of 3rd period - Eric Staal is hit by Stephane Robidas.
19:05 of 3rd period - Shot by Jarome Iginla.
19:05 of 3rd period - Stopped by Tim Thomas with a rebound.


Output by the SimonT Hockey Simulator (STHS) for Stephane Roy -- Original Page W3C XHTML 1.0 Valid